 Dungeon Crawl Stone Soup version 0.31.0-4-g52a2dc7128 (webtiles) character file.

Game seed: 9654605176655113798

5 hikkokomori the Apothecary (level 1, -1/11 HPs)
             Began as a Gargoyle Alchemist on Jan 23, 2024.
             Slain by a quokka (3 damage)
             ... on level 1 of the Dungeon.
             The game lasted 00:00:22 (259 turns).

hikkokomori the Apothecary (Gargoyle Alchemist)      Turns: 259, Time: 00:00:22

Health: -1/11      AC:  4    Str: 11    XL:     1   Next: 80%
Magic:  1/3        EV: 11    Int: 15    God:
Gold:   12         SH:  0    Dex: 10    Spells: 3/4 levels left

rFire   . . .        e - +0 club
rCold   . . .        (no shield)
rNeg    + . .        a - +0 robe
rPois   ∞            (no helmet)
rElec   +            (no cloak)
rCorr   .            (no gloves)
SInv    .            (no boots)
Will    .....        (no amulet)
Stlth   ++           (no ring)
HPRegen 0.21/turn    (no ring)
MPRegen 0.08/turn

%: no passive effects
@: no status effects
A: sickness immunity, AC +2, negative energy resistance 1, electricity
resistance, torment resistance 1, petrification resistance
a: no special abilities


You were on level 1 of the Dungeon.
You visited 1 branch of the dungeon, and saw 1 of its levels.

You collected 12 gold pieces.

Inventory:

Hand Weapons
 e - a +0 club (weapon)
Armour
 a - a +0 robe (worn)
Scrolls
 c - a scroll of teleportation {unknown}
 d - a scroll of summoning {unknown}
 f - a scroll of identify {unknown}
Potions
 b - a potion of magic
 g - a potion of brilliance {unknown}
 h - a potion of haste {unknown}


   Skills:
 + Level 0.4 Fighting
 - Level 1.5 Dodging
 + Level 2.3 Stealth
 + Level 2.1 Spellcasting
 - Level 1.1 Conjurations
 + Level 2.5 Alchemy


You had 3 spell levels left.
You knew the following spells:

 Your Spells              Type           Power      Damage    Failure   Level
a - Sting                 Conj/Alch      24%        1d4       11%         1

Your spell library contained the following spells:

 Spells                   Type           Power      Damage    Failure   Level
 Mercury Vapours          Alch/Air       10%        N/A       21%         2
 Mephitic Cloud           Conj/Alch/Air  5%         N/A       38%         3
 Olgreb's Toxic Radiance  Alch           9%         N/A       61%         4
 Sticky Flame             Fire/Alch      5%         2d4       78%         4


Dungeon Overview and Level Annotations

Branches:
Dungeon (1/15)

Altars:


Innate Abilities, Weirdness & Mutations

You are immune to sickness and miasma.
Your stone body is resilient. (AC +2)
You are immune to poison.
You resist negative energy. (rN+)
You are resistant to electric shocks. (rElec)
You are resistant to unholy torment.
You are immune to petrification.


Message History

The quokka is heavily wounded.
The quokka bites you but does no damage.
You are out of magic!
There are monsters nearby!
You barely miss the quokka.
The quokka is heavily wounded.
The quokka bites you.
The quokka bites you but does no damage.
The endoplasm jiggles.
You closely miss the quokka.
The quokka is heavily wounded.
The quokka bites you.
Your magical contamination has completely faded away.
You closely miss the quokka.
The quokka is moderately wounded.
The quokka twitches its whiskers.
The quokka barely misses you. The endoplasm hits you.
The quokka barely misses you.
You are too injured to fight recklessly!
You are too injured to fight recklessly!
You are too injured to fight recklessly!
The quokka attacks as it pursues you!
The quokka bites you but does no damage.
The endoplasm attacks as it pursues you!
The endoplasm hits you but does no damage.
The quokka attacks as it pursues you! The quokka closely misses you.
The quokka bites you but does no damage.
The endoplasm hits you.
* * * LOW HITPOINT WARNING * * *
The quokka attacks as it pursues you! The quokka barely misses you.
The quokka attacks as it pursues you! The quokka barely misses you.
The endoplasm attacks as it pursues you!
The endoplasm hits you.
* * * LOW HITPOINT WARNING * * *
The quokka bites you.
* * * LOW HITPOINT WARNING * * *
The quokka attacks as it pursues you! The quokka barely misses you.
The endoplasm attacks as it pursues you!
The endoplasm closely misses you. The quokka bites you.
You die...

.................##..........
.............###.##.........#
.............###...........##
....#......####..........#.#
##........## #...♣♣♣♣♣♣...#
##.#..#..## #...♣K♣ ♣...
#..#..#..# #>.##### ♣..#
#..#.##..#### #Jr#...# ♣..
#....##.....# ##@♣...#
#...##..###.###..'.8.+
##.##..####..##..♣...#
##.##.###........#...#
#..#...........#.#####
#.................♣÷♣
#..####.....###†#.♣♣♣♣♣♣.
#..# #.....# #.......... ##.#
#.....# ##.......##


You could see an endoplasm and a quokka.

Vanquished Creatures
  An endoplasm (D:1)
  A goblin (D:1)
  2 hobgoblins (D:1)
4 creatures vanquished.

Notes
Turn   | Place    | Note
-------+----------+-------------------------------------------
     0 | D:1      | hikkokomori the Gargoyle Alchemist began the quest for the
                  | Orb.
     0 | D:1      | Reached XP level 1. HP: 10/10 MP: 3/3
   259 | D:1      | Slain by a quokka

Illustrated notes

Levels and vault maps discovered:
D:1:      lightli_arrival_windingriver, layout_rooms,
          dilly_ecumenical_altar_fadedgnrine

Action                     || total
---------------------------++-------
  Melee: Club              ||     5
   Cast: Sting             ||    10
 Armour: Robe              ||    15
  Dodge: Dodged            ||     8
